 Dungeon Crawl Stone Soup version 0.24-a0-102-g7635c99 (webtiles) character file.

Game seed: 8732249544748306693

1055 galech the Chopper (level 8, 60/60 HPs)
             Began as a Demonspawn Fighter on Feb 12, 2019.
             Quit the game on level 4 of the Dungeon.
             The game lasted 00:04:10 (3795 turns).

galech the Chopper (Demonspawn Fighter)             Turns: 3795, Time: 00:04:11

Health: 60/60      AC: 10    Str: 16    XL:     8   Next: 5%
Magic:  8/8        EV:  8    Int: 10    God:
Gold:   286        SH:  9    Dex: 15    Spells: 7/7 levels left

rFire    . . .     SeeInvis .   a - +0 war axe
rCold    . . .     Gourm    .   c - +0 shield
rNeg     . . .     Faith    .   b - +0 scale mail
rPois    .         Spirit   .   (helmet restricted)
rElec    .         Reflect  .   r - +0 cloak
rCorr    .         Harm     .   (no gloves)
MR       .....                  (no boots)
Stlth    +.........             p - amulet of magic regeneration
HPRegen  0.20/turn              (no ring)
MPRegen  0.36/turn              (no ring)

@: no status effects
A: antennae 1, yellow scales 1, nightstalker 1
a: no special abilities


You were on level 4 of the Dungeon.
You were hungry.

You visited 1 branch of the dungeon, and saw 4 of its levels.

You collected 286 gold pieces.

Inventory:

Hand Weapons
 a - a +0 war axe (weapon)
Armour
 b - a +0 scale mail (worn)
 c - a +0 shield (worn)
 r - a +0 cloak (worn)
Jewellery
 p - an amulet of magic regeneration (around neck)
Wands
 t - a wand of polymorph (9)
Scrolls
 e - 6 scrolls of identify {unknown}
 g - 2 scrolls of amnesia {unknown}
 h - a scroll of fog {unknown}
 k - a scroll of magic mapping {unknown}
 l - 3 scrolls of blinking {unknown}
 m - a scroll of immolation {unknown}
 n - a scroll of remove curse {unknown}
Potions
 d - a potion of brilliance {unknown}
 i - 4 potions of curing
 j - 2 potions of heal wounds {unknown}
 o - a potion of ambrosia {unknown}
 q - a potion of cancellation {unknown}
 u - a potion of magic {unknown}
Comestibles
 f - 9 rations


   Skills:
 + Level 4.2 Fighting
 + Level 5.5 Axes
 + Level 4.6 Armour
 + Level 1.5 Dodging
 + Level 1.2 Stealth
 + Level 4.9 Shields


You had 7 spell levels left.
You didn't know any spells.
Your spell library was empty.

Dungeon Overview and Level Annotations

Branches:
Dungeon (4/15)
 Temple: D:4-7

Altars:
Ashenzari
Fedhas
Kikubaaqudgha
Zin

Annotations:
D:2 exclusion: oklob plant


Innate Abilities, Weirdness & Mutations

You have a pair of small antennae on your head.
You are partially covered in yellow scales. (AC +2)
You are slightly more attuned to the shadows.


Message History

You have reached level 8!
You feel clever.
Your demonic ancestry asserts itself...
You slip into the darkness of the dungeon.
With Pikel's spell broken, the former slaves thank you for their freedom.
You swap places.
d - a dark potion
Things that are here:
a +0 whip of flaming; a +0 robe You start resting.
You feel a little less mighty now.
You swap places.
f - 9 rations (gained 1)
Things that are here:
a +0 whip of flaming; a +0 robe
l - 3 scrolls labeled LEIPEU FULOK (gained 1) HP restored.
Done exploring.
Done exploring.
Done exploring.
Are you sure you want to abandon this character and quit the game? (Confirm with "yes".)

#)#
##...##..####.#.###....
###.#
##...........#........
....#
#####..#####...######
#####
##................
##.###.###p..#####.
#######.## ##.##..## #.
#.......# #......# #.
#.#####.##
##.##.#.#####. #.#
##@###............. ###
#.# ##...........####.
..## #.# ####..#####.#
#. ...######.# #..#
#.####. ..........#
#.<# #......
...######## ##.#
#.##### #.## #.#####.#
#.# #.......# ## #.#
####.#.## #.


There were no monsters in sight!

Vanquished Creatures
  Pikel (D:4)
  Grinder (D:3)
  2 orc priests
  3 hounds
  A centaur skeleton (D:4)
  6 adders
  4 gnolls (D:2)
  3 oozes
  3 worms
  4 dart slugs
  2 leopard geckos
  14 orcs
  A bat (D:3)
  4 bat zombies (D:3)
  6 giant cockroaches
  7 goblins
  7 hobgoblins
  9 jackals
  A quokka (D:4)
  A ball python (D:1)
  4 frilled lizards
  A jackal skeleton (D:4)
  6 kobolds
  A quokka skeleton (D:4)
  9 rats
  3 rat zombies (D:3)
104 creatures vanquished.

Notes
Turn   | Place    | Note
-------+----------+-------------------------------------------
     0 | D:1      | galech the Demonspawn Fighter began the quest for the Orb.
     0 | D:1      | Reached XP level 1. HP: 18/18 MP: 1/1
    84 | D:1      | Gained mutation: You are partially covered in yellow
                  | scales. (AC +2) [demonic ancestry]
    84 | D:1      | Reached XP level 2. HP: 20/24 MP: 2/2
   610 | D:2      | Reached skill level 2 in Axes
   734 | D:2      | Reached XP level 3. HP: 25/29 MP: 3/3
  1203 | D:2      | You fall through a shaft!
  1210 | D:3      | Gained mutation: You have a pair of small antennae on your
                  | head. [demonic ancestry]
  1210 | D:3      | Reached XP level 4. HP: 30/35 MP: 4/4
  1477 | D:2      | Found a blossoming altar of Fedhas.
  1498 | D:2      | Noticed an oklob plant
  2159 | D:3      | Reached skill level 3 in Axes
  2159 | D:3      | Reached XP level 5. HP: 27/41 MP: 5/5
  2629 | D:3      | Noticed Grinder
  2644 | D:3      | Killed Grinder
  2644 | D:3      | Reached skill level 4 in Axes
  2644 | D:3      | Reached skill level 1 in Stealth
  2644 | D:3      | Reached XP level 6. HP: 30/48 MP: 6/6
  2832 | D:3      | Found an ancient bone altar of Kikubaaqudgha.
  3252 | D:4      | Reached XP level 7. HP: 53/53 MP: 7/7
  3407 | D:4      | Found a glowing silver altar of Zin.
  3566 | D:3      | Found a shattered altar of Ashenzari.
  3623 | D:4      | Noticed Pikel
  3646 | D:4      | Killed Pikel
  3646 | D:4      | Reached skill level 5 in Axes
  3646 | D:4      | Reached skill level 1 in Dodging
  3646 | D:4      | Gained mutation: You are slightly more attuned to the
                  | shadows. [demonic ancestry]
  3646 | D:4      | Reached XP level 8. HP: 31/60 MP: 8/8
  3795 | D:4      | Quit the game

Levels and vault maps discovered:
D:1:      mrwooster_arrival_statue_3, layout_loops_ring
D:2:      layout_loops_ring, tgw_fedhas
D:3:      layout_basic, lemuel_zombie_altar_kikubaaqudgha,
          nicolae_overflow_hidden_temple, dk_vineyard_2, minmay_circle_x,
          uniq_grinder
D:4:      layout_loops_ring, nicolae_overflow_crystal_walls, first_ration,
          uniq_pikel

Skill      XL: |  1  2  3  4  5  6  7 |
---------------+----------------------+-----
Shields        | 3 4 |  4.9
Armour         | 3 4 |  4.6
Axes           | 2 3 4 5 |  5.5
Stealth        | 1 |  1.2
Fighting       | 4 |  4.2
Dodging        | 1 |  1.5

Action                   |  1- 3 |  4- 6 |  7- 9 || total
-------------------------+-------+-------+-------++-------
Melee: War axe           |    99 |   176 |    86 ||   361
  Use: Potion            |     1 |     1 |     1 ||     3
  Eat: Chunk             |     1 |     7 |     1 ||     9
Armor: Scale mail        |    53 |    84 |    40 ||   177
Dodge: Dodged            |    32 |    57 |    31 ||   120
Block: Shield            |    49 |    97 |    38 ||   184

Table legend:
 A = Non-vault XP
 B = Vault XP
 C = Vault XP percentage of total XP
 D = Non-vault monster count
 E = Vault monster count
 F = Vault count percentage of total count
                 A         B        C        D         E       F
            +---------+---------+-------+---------+---------+-------
      Total |     553 |     955 |  63.3 |      92 |      12 |  11.5
            +---------+---------+-------+---------+---------+-------
        D:1 |      34 |       0 |   0.0 |      15 |       0 |   0.0
        D:2 |     105 |       0 |   0.0 |      27 |       0 |   0.0
        D:3 |     172 |     304 |  63.9 |      28 |      11 |  28.2
        D:4 |     242 |     651 |  72.9 |      22 |       1 |   4.3
            +---------+---------+-------+---------+---------+-------
